| 
	| TOP OF THE 1ST | 
|---|
 
		| Syracuse Chiefs batting - Pitching for Reno Aces : RHP Chad Toms |  
		| Pitching: RHP Chad Toms |  |  
		| Batting: RHB Nate Dickinson | 0-0: Ball 1-0: Foul Ball, location: 2F
 1-1: Ball
 2-1: Ball
 3-1:  Fly out, F7  (Flyball, 7S, EV 75.0 MPH)
 |  
		| Batting: RHB Dusty Ballard | 0-0: Ball 1-0: Ball
 2-0: Ball
 3-0: DOUBLE  (Line Drive, 8LXD, EV 106.9 MPH)
 |  
		| Batting: LHB Jae-ik Soung | 0-0: Ball 1-0: Ball
 2-0: Ball
 3-0: Called Strike
 3-1: Base on Balls
 |  
		| Batting: LHB Kyung-jin Cho | 0-0: Ball 1-0: Swinging Strike
 1-1: Ball
 2-1: Called Strike
 2-2: Ball
 3-2: Foul Ball, location: 2F
 3-2: Strikes out looking
 |  
		| Batting: LHB Dillon Gonzalez | 0-0: Foul Ball, location: 2F 0-1: Ball
 1-1: Ball
 2-1: Foul Ball, location: 2F
 2-2: Ball
 3-2: Ground out 5-3 (Groundball, 56, EV 85.6 MPH)
 |  
		| Top of the 1st over - 0 runs, 1 hit, 0 errors, 2 left on base; Syracuse 0 - Reno 0 |  
	| BOTTOM OF THE 1ST | 
|---|
 
		| Reno Aces batting - Pitching for Syracuse Chiefs : RHP Cory Jones |  
		| Pitching: RHP Cory Jones |  |  
		| Batting: RHB Ji-an Li | 0-0: Ball 1-0: Ball
 2-0: Ball
 3-0: Called Strike
 3-1: SINGLE  (Line Drive, 78S, EV 113.8 MPH)
 |  
		| Batting: RHB Ruben Garza | 0-0: Called Strike 0-1: Swinging Strike
 0-2: Strikes out swinging
 |  
		| Batting: LHB Bobby Arevalo | 0-0: Ball Ji-an Li steals 2nd, throwing error, E2
 Ji-an Li to third
 1-0: Ball
 2-0: Called Strike
 2-1: Ball
 3-1: Called Strike
 3-2: Strikes out looking
 |  
		| Batting: RHB Jon Solano | 0-0: Called Strike 0-1: SINGLE  (Groundball, 4D, EV 98.1 MPH)
 Ji-an Li scores
 |  
		| Batting: LHB Kyle Beaulieu | 0-0: Ball Jon Solano steals 2nd base (no throw)
 1-0: Ground out 6-3 (Groundball, 6, EV 83.1 MPH)
 |  
		| Bottom of the 1st over - 1 run, 2 hits, 1 error, 1 left on base; Syracuse 0 - Reno 1 |  
	| TOP OF THE 2ND | 
|---|
 
		| Syracuse Chiefs batting - Pitching for Reno Aces : RHP Chad Toms |  
		| Batting: LHB Dana McDonald | 0-0: Ground out U3 (Groundball, 3L, EV 110.0 MPH) |  
		| Batting: RHB Ryan Hiemer | 0-0: Ball 1-0: Foul Ball, location: 2F
 1-1: Called Strike
 1-2: Strikes out looking
 |  
		| Batting: RHB Rene Montoya | 0-0: Ball 1-0: Ball
 2-0: Foul Ball, location: 2F
 2-1: Ball
 3-1:  Fly out, F9  (Flyball, 9, EV 90.6 MPH)
 |  
		| Top of the 2nd over - 0 runs, 0 hits, 0 errors, 0 left on base; Syracuse 0 - Reno 1 |  
	| BOTTOM OF THE 2ND | 
|---|
 
		| Reno Aces batting - Pitching for Syracuse Chiefs : RHP Cory Jones |  
		| Batting: SHB Gregg Whitecotton | 0-0: Ball 1-0: Ball
 2-0: Swinging Strike
 2-1: Foul Ball, location: 2F
 2-2: Strikes out swinging
 |  
		| Batting: LHB Ian Jarvis | 0-0: Swinging Strike 0-1: Ball
 1-1: Ball
 2-1: Called Strike
 2-2: Strikes out looking
 |  
		| Batting: LHB Steve Reinhart | 0-0: Foul Ball, location: 2F 0-1: Foul Ball, location: 2F
 0-2: Ball
 1-2: Strikes out swinging, 2-3 out at first.
 |  
		| Bottom of the 2nd over - 0 runs, 0 hits, 0 errors, 0 left on base; Syracuse 0 - Reno 1 |  
	| TOP OF THE 3RD | 
|---|
 
		| Syracuse Chiefs batting - Pitching for Reno Aces : RHP Chad Toms |  
		| Batting: RHB Brennan Cameron | 0-0: Ball 1-0: Ball
 2-0: Called Strike
 2-1: DOUBLE  (Line Drive, 9LS, EV 89.4 MPH)
 |  
		| Batting: RHB Nate Dickinson | 0-0: Called Strike 0-1: Ball
 1-1: Ball
 2-1: Called Strike
 2-2: Foul Ball, location: 2F
 2-2:  2-RUN HOME RUN  (Flyball, 78XD, EV 107.5 MPH), Distance : 426 ft
 |  
		| Batting: RHB Dusty Ballard | 0-0: Called Strike 0-1: Ground out U3 (Groundball, 34S, EV 90.6 MPH)
 |  
		| Batting: LHB Jae-ik Soung | 0-0: Called Strike 0-1: Swinging Strike
 0-2: Ball
 1-2: Ball
 2-2: Strikes out swinging
 |  
		| Batting: LHB Kyung-jin Cho | 0-0: DOUBLE  (Line Drive, 78XD, EV 105.6 MPH) |  
		| Batting: LHB Dillon Gonzalez | 0-0: Ball 1-0: Ground out 4-3 (Groundball, 4, EV 80.0 MPH)
 |  
		| Top of the 3rd over - 2 runs, 3 hits, 0 errors, 1 left on base; Syracuse 2 - Reno 1 |  
	| BOTTOM OF THE 3RD | 
|---|
 
		| Reno Aces batting - Pitching for Syracuse Chiefs : RHP Cory Jones |  
		| Batting: LHB Sumiki Okuhara | 0-0: Swinging Strike 0-1: Ball
 1-1: Called Strike
 1-2: Ball
 2-2: Ball
 3-2: Base on Balls
 |  
		| Batting: RHB Ji-an Li | 0-0: Ball 1-0: SINGLE  (Groundball, 4M, EV 105.6 MPH) (infield hit)
 Sumiki Okuhara to second
 |  
		| Batting: RHB Ruben Garza | 0-0: Ball 1-0: Called Strike
 1-1: Ball
 2-1: Foul Ball, location: 2F
 2-2: Foul Ball, location: 2F
 2-2: Strikes out swinging
 |  
		| Batting: LHB Bobby Arevalo | 0-0: Ball 1-0: Foul Ball, location: 2F
 1-1: Ball
 2-1: Ball
 3-1: Base on Balls
 Sumiki Okuhara to third
 Ji-an Li to second
 |  
		| Batting: RHB Jon Solano | 0-0: Ball 1-0: Ball
 2-0: Ball
 3-0: Called Strike
 3-1: Reached on error, E6 (Groundball, 6, EV 88.1 MPH)
 Sumiki Okuhara scores
 Ji-an Li to third
 Bobby Arevalo to second
 |  
		| Batting: LHB Kyle Beaulieu | 0-0: SINGLE  (Groundball, 6, EV 109.4 MPH) Ji-an Li scores
 Bobby Arevalo to third
 Jon Solano to second
 |  
		| Batting: SHB Gregg Whitecotton | 0-0: Swinging Strike 0-1: Ball
 1-1: Called Strike
 1-2: Ball
 2-2: Foul Ball, location: 2F
 2-2: Foul Ball, location: 2F
 2-2: Grounds into double play, 5-4-3 (Groundball, 15, EV 79.4 MPH)
 |  
		| Bottom of the 3rd over - 2 runs, 2 hits, 1 error, 2 left on base; Syracuse 2 - Reno 3 |  
	| TOP OF THE 4TH | 
|---|
 
		| Syracuse Chiefs batting - Pitching for Reno Aces : RHP Chad Toms |  
		| Batting: LHB Dana McDonald | 0-0: Ball 1-0: Called Strike
 1-1: Foul Ball, location: 2F
 1-2: SINGLE  (Groundball, 34D, EV 103.1 MPH)
 |  
		| Batting: RHB Ryan Hiemer | 0-0: Grounds into double play, 6-4-3 (Groundball, 6, EV 80.6 MPH) |  
		| Batting: RHB Rene Montoya | 0-0: Ball 1-0: Ball
 2-0: Ball
 3-0: Called Strike
 3-1: Foul Ball, location: 2F
 3-2: Foul Ball, location: 2F
 3-2: Foul Ball, location: 2F
 3-2: Base on Balls
 |  
		| Batting: RHB Brennan Cameron | 0-0: Foul Ball, location: 2F 0-1: Foul Ball, location: 2F
 0-2: Ball
 1-2: Ball
 2-2: Ball
 3-2: Base on Balls
 Rene Montoya to second
 |  
		| Batting: RHB Nate Dickinson | 0-0: Ball 1-0: SINGLE  (Line Drive, 6D, EV 107.5 MPH)
 Rene Montoya to third
 Brennan Cameron to second
 |  
		| Batting: RHB Dusty Ballard | 0-0: Called Strike 0-1:  Fly out, F7  (Flyball, 78S, EV 83.1 MPH)
 |  
		| Top of the 4th over - 0 runs, 2 hits, 0 errors, 3 left on base; Syracuse 2 - Reno 3 |  
	| BOTTOM OF THE 4TH | 
|---|
 
		| Reno Aces batting - Pitching for Syracuse Chiefs : RHP Cory Jones |  
		| Batting: LHB Ian Jarvis | 0-0: Swinging Strike 0-1: Swinging Strike
 0-2: Ball
 1-2: Ball
 2-2: Strikes out swinging
 |  
		| Batting: LHB Steve Reinhart | 0-0: Swinging Strike 0-1: Swinging Strike
 0-2: Strikes out looking
 |  
		| Batting: LHB Sumiki Okuhara | 0-0: Called Strike 0-1: DOUBLE  (Line Drive, 78XD, EV 103.8 MPH)
 |  
		| Batting: RHB Ji-an Li | 0-0: Foul Ball, location: 2F 0-1: SINGLE  (Line Drive, 78S, EV 91.2 MPH)
 Sumiki Okuhara to third
 Runner from 3rd tries for Home, SAFE, throw by LF to home
 |  
		| Batting: RHB Ruben Garza | 0-0: Ball Ji-an Li steals 2nd base
 1-0: Called Strike
 1-1: Ball
 2-1: Foul Ball, location: 2F
 2-2: Ball
 3-2: Foul Ball, location: 2F
 3-2: SINGLE  (Groundball, 6S, EV 60.6 MPH) (infield hit)
 Ji-an Li to third
 |  
		| Batting: LHB Bobby Arevalo | 0-0: Called Strike 0-1: Ball
 1-1: Swinging Strike
 1-2: Strikes out looking
 |  
		| Bottom of the 4th over - 1 run, 3 hits, 0 errors, 2 left on base; Syracuse 2 - Reno 4 |  
	| TOP OF THE 5TH | 
|---|
 
		| Syracuse Chiefs batting - Pitching for Reno Aces : RHP Chad Toms |  
		| Batting: LHB Jae-ik Soung | 0-0: Ball 1-0: Ground out 6-3 (Groundball, 6, EV 78.8 MPH)
 |  
		| Batting: LHB Kyung-jin Cho | 0-0: Called Strike 0-1: Ball
 1-1: Called Strike
 1-2: Strikes out looking
 |  
		| Batting: LHB Dillon Gonzalez | 0-0: SINGLE  (Groundball, 4MS, EV 75.6 MPH) (infield hit) |  
		| Batting: LHB Dana McDonald | 0-0: Swinging Strike 0-1: Ball
 1-1: Ball
 Pickoff Throw to First - Out! 1-3 CS
 |  
		| Top of the 5th over - 0 runs, 1 hit, 0 errors, 0 left on base; Syracuse 2 - Reno 4 |  
	| BOTTOM OF THE 5TH | 
|---|
 
		| Reno Aces batting - Pitching for Syracuse Chiefs : RHP Cory Jones |  
		| Batting: RHB Jon Solano | 0-0: Swinging Strike 0-1: Ball
 1-1: Swinging Strike
 1-2: Strikes out swinging
 |  
		| Batting: LHB Kyle Beaulieu | 0-0: Ball 1-0: SINGLE  (Groundball, 34D, EV 100.0 MPH)
 |  
		| Batting: SHB Gregg Whitecotton | 0-0: Ball 1-0: Called Strike
 1-1: Swinging Strike
 1-2: Ball
 2-2:  2-RUN HOME RUN  (Line Drive, 9D, EV 103.8 MPH), Distance : 408 ft
 |  
		| Pitching: RHP Danny Newbegin |  |  
		| Batting: LHB Ian Jarvis | 0-0: Swinging Strike 0-1: Foul Ball, location: 2F
 0-2: Strikes out swinging
 |  
		| Batting: LHB Steve Reinhart | 0-0: Ball 1-0: Foul Ball, location: 2F
 1-1:  Fly out, F5  (Line Drive, 5, EV 71.2 MPH)
 |  
		| Bottom of the 5th over - 2 runs, 2 hits, 0 errors, 0 left on base; Syracuse 2 - Reno 6 |  
	| TOP OF THE 6TH | 
|---|
 
		| Syracuse Chiefs batting - Pitching for Reno Aces : RHP Chad Toms |  
		| Batting: LHB Dana McDonald | 0-0: Hit by Pitch |  
		| Batting: RHB Ryan Hiemer | 0-0: Swinging Strike 0-1: Swinging Strike
 0-2: Hit by Pitch
 Dana McDonald to second
 |  
		| Batting: RHB Rene Montoya | 0-0: Ball 1-0: Ball
 2-0: Foul Ball, location: 2F
 2-1: Called Strike
 2-2: Foul Ball, location: 2F
 2-2: Ball
 3-2: Grounds into double play, 6-4-3 (Groundball, 56D, EV 85.0 MPH)
 Dana McDonald to third
 |  
		| Batting: RHB Brennan Cameron | 0-0: SINGLE  (Flyball, 56D, EV 85.6 MPH) Dana McDonald scores
 |  
		| Batting: RHB Nate Dickinson | 0-0: Ball 1-0: Foul Ball, location: 2F
 1-1: Ball
 2-1: Ball
 3-1: DOUBLE  (Line Drive, 78XD, EV 107.5 MPH)
 Brennan Cameron to third
 Runner from 3rd tries for Home, SAFE, no throw by LF
 |  
		| Pitching: RHP Jarrod Kenny |  |  
		| Batting: RHB Dusty Ballard | 0-0: Ball 1-0: Called Strike
 1-1: Ball
 2-1: Foul Ball, location: 2F
 2-2:  Fly out, F7  (Flyball, 7S, EV 90.0 MPH)
 |  
		| Top of the 6th over - 2 runs, 2 hits, 0 errors, 1 left on base; Syracuse 4 - Reno 6 |  
	| BOTTOM OF THE 6TH | 
|---|
 
		| Reno Aces batting - Pitching for Syracuse Chiefs : RHP Danny Newbegin |  
		| Batting: LHB Sumiki Okuhara | 0-0: Ball 1-0: Called Strike
 1-1: Ball
 2-1: Foul Ball, location: 2F
 2-2: Ground out 5-3 (Groundball, 56, EV 106.2 MPH)
 |  
		| Batting: RHB Ji-an Li | 0-0: Called Strike 0-1:  Fly out, F9  (Flyball, 9, EV 86.9 MPH)
 |  
		| Batting: RHB Ruben Garza | 0-0: Ground out U3 (Groundball, 34S, EV 66.2 MPH) |  
		| Bottom of the 6th over - 0 runs, 0 hits, 0 errors, 0 left on base; Syracuse 4 - Reno 6 |  
	| TOP OF THE 7TH | 
|---|
 
		| Syracuse Chiefs batting - Pitching for Reno Aces : RHP Jarrod Kenny |  
		| Batting: LHB Jae-ik Soung | 0-0: Called Strike 0-1: Swinging Strike
 0-2: Ball
 1-2: Strikes out swinging
 |  
		| Batting: LHB Kyung-jin Cho | 0-0: Ball 1-0: Ball
 2-0: SINGLE  (Line Drive, 56D, EV 105.6 MPH)
 |  
		| Batting: LHB Dillon Gonzalez | 0-0: Swinging Strike 0-1: Called Strike
 0-2: Ball
 1-2: Ball
 2-2: Strikes out swinging
 |  
		| Batting: LHB Dana McDonald | 0-0: Ball 1-0: Called Strike
 1-1: Ball
 Kyung-jin Cho steals 2nd base
 2-1: SINGLE  (Flyball, 8RS, EV 82.5 MPH)
 Kyung-jin Cho to third
 Runner from 3rd tries for Home, SAFE, throw by CF to home
 |  
		| Batting: RHB Ryan Hiemer | 0-0: Ball 1-0: Ball
 2-0: Fielders Choice at 2nd, 6-4 (Groundball, 6, EV 78.8 MPH)
 |  
		| Top of the 7th over - 1 run, 2 hits, 0 errors, 1 left on base; Syracuse 5 - Reno 6 |  
	| BOTTOM OF THE 7TH | 
|---|
 
		| Reno Aces batting - Pitching for Syracuse Chiefs : RHP Danny Newbegin |  
		| Batting: LHB Bobby Arevalo | 0-0: Ball 1-0: Foul Ball, location: 2F
 1-1: Foul Ball, location: 2F
 1-2: Foul Ball, location: 2F
 1-2: Ball
 2-2:  Fly out, F9  (Flyball, 9, EV 85.6 MPH)
 |  
		| Batting: RHB Jon Solano | 0-0: Ball 1-0: Ball
 2-0: Foul Ball, location: 2F
 2-1: Ball
 3-1: Reached on error, E5 (Groundball, 56S, EV 89.4 MPH)
 |  
		| Batting: LHB Kyle Beaulieu | 0-0: Ball 1-0: Called Strike
 1-1: Ball
 2-1: Foul Ball, location: 2F
 2-2: Foul Ball, location: 2F
 2-2: Ball
 Jon Solano is caught stealing 2nd base 2-6
 3-2: Ground out U3 (Groundball, 3, EV 110.0 MPH)
 |  
		| Bottom of the 7th over - 0 runs, 0 hits, 1 error, 0 left on base; Syracuse 5 - Reno 6 |  
	| TOP OF THE 8TH | 
|---|
 
		| Syracuse Chiefs batting - Pitching for Reno Aces : RHP Jarrod Kenny |  
		| Pitching: RHP Jose Fernandez |  |  
		| Batting: RHB Rene Montoya | 0-0: Ball 1-0: Ball
 2-0: Foul Ball, location: 2F
 2-1: Foul Ball, location: 2F
 2-2: Ball
 3-2: Foul Ball, location: 2F
 3-2: Base on Balls
 |  
		| Batting: RHB Brennan Cameron | 0-0: Swinging Strike 0-1: Sac Bunt to 13 - play at first, batter OUT! 1-3
 Rene Montoya to second
 |  
		| Batting: RHB Nate Dickinson | 0-0: Called Strike 0-1: Called Strike
 0-2:  Fly out, F8  (Flyball, 8RD, EV 94.4 MPH)
 Runner from 2nd tags up, SAFE at 3rd with throw by CF
 |  
		| Batting: RHB Dusty Ballard | 0-0: Ball 1-0: SINGLE  (Line Drive, 6D, EV 101.9 MPH)
 Rene Montoya scores
 |  
		| Batting: LHB Jae-ik Soung | 0-0: Foul Ball, location: 2F 0-1: Ball
 Dusty Ballard steals 2nd base
 1-1: Called Strike
 1-2: Ground out 5-3 (Groundball, 56, EV 81.2 MPH)
 |  
		| Top of the 8th over - 1 run, 1 hit, 0 errors, 1 left on base; Syracuse 6 - Reno 6 |  
	| BOTTOM OF THE 8TH | 
|---|
 
		| Reno Aces batting - Pitching for Syracuse Chiefs : RHP Danny Newbegin |  
		| Pitching: RHP Alex Vasquez |  |  
		| Batting: SHB Gregg Whitecotton | 0-0: Swinging Strike 0-1: SINGLE  (Line Drive, 34D, EV 105.0 MPH)
 |  
		| Batting: LHB Ian Jarvis | 0-0: Sac Bunt to 25 - play at first, batter OUT! 5-3 Gregg Whitecotton to second
 |  
		| Batting: LHB Steve Reinhart | 0-0: Called Strike 0-1: Ball
 1-1: Ball
 2-1: Ball
 3-1: Ground out 5-3 (Groundball, 56S, EV 62.5 MPH)
 Gregg Whitecotton to third
 |  
		| Batting: LHB Sumiki Okuhara | 0-0: Ball 1-0: Ball
 2-0: Called Strike
 2-1: SINGLE  (Groundball, 56, EV 102.5 MPH)
 Gregg Whitecotton scores
 |  
		| Batting: RHB Ji-an Li | 0-0: SINGLE  (Line Drive, P, EV 95.0 MPH) Sumiki Okuhara to second
 Runner from 2nd tries for 3rd, SAFE, throw by CF made to third
 |  
		| Batting: RHB Ruben Garza | 0-0: Foul Ball, location: 2F 0-1: Fielders Choice at 2nd, 6-4 (Groundball, 6, EV 81.2 MPH)
 |  
		| Bottom of the 8th over - 1 run, 3 hits, 0 errors, 2 left on base; Syracuse 6 - Reno 7 |  
	| TOP OF THE 9TH | 
|---|
 
		| Syracuse Chiefs batting - Pitching for Reno Aces : RHP Jose Fernandez |  
		| Pitching: RHP Bill Pauley |  |  
		| Now in LF: Juan Espinoza |  |  
		| Now in RF: Sumiki Okuhara |  |  
		| Batting: LHB Kyung-jin Cho | 0-0: Ball 1-0: Ball
 2-0: Foul Ball, location: 2F
 2-1: SINGLE  (Line Drive, 34, EV 107.5 MPH)
 |  
		| Batting: LHB Dillon Gonzalez | 0-0: Swinging Strike 0-1: Ball
 1-1: Swinging Strike
 1-2: Ball
 2-2: Strikes out swinging
 |  
		| Batting: LHB Dana McDonald | 0-0: Ball 1-0: Called Strike
 1-1: Ball
 2-1: Ball
 3-1: Base on Balls
 Kyung-jin Cho to second
 |  
		| Batting: RHB Ryan Hiemer | 0-0: Called Strike 0-1: Ball
 1-1: Called Strike
 1-2: DOUBLE  (Flyball, 8RXD, EV 96.9 MPH)
 Kyung-jin Cho scores
 Dana McDonald to third
 |  
		| Batting: RHB Rene Montoya | 0-0: Called Strike 0-1: SINGLE  (Groundball, 56, EV 98.8 MPH)
 Dana McDonald scores
 Ryan Hiemer to third
 Runner from 3rd tries for Home, SAFE, throw by LF to home
 Rene Montoya to second
 |  
		| Batting: RHB Brennan Cameron | 0-0: Ball 1-0: Called Strike
 Rene Montoya steals 3rd base
 1-1: Ground out U3 (Groundball, 3, EV 91.9 MPH)
 |  
		| Batting: RHB Nate Dickinson | 0-0:  Fly out, F4  (Popup, 4M, EV 56.2 MPH) |  
		| Top of the 9th over - 3 runs, 3 hits, 0 errors, 1 left on base; Syracuse 9 - Reno 7 |  
	| BOTTOM OF THE 9TH | 
|---|
 
		| Reno Aces batting - Pitching for Syracuse Chiefs : RHP Alex Vasquez |  
		| Pitching: LHP Mike Alcaraz |  |  
		| Batting: LHB Bobby Arevalo | 0-0: Ball 1-0: Ground out 5-3 (Groundball, 5, EV 86.2 MPH)
 |  
		| Batting: RHB Jon Solano | 0-0: SINGLE  (Groundball, 56D, EV 99.4 MPH) |  
		| Pinch Hitting: RHB Alex Vasquez | 0-0: Called Strike 0-1: Fielders Choice at 2nd, 5-4 (Groundball, 56S, EV 83.1 MPH)
 |  
		| Batting: RHB Juan Espinoza | 0-0: Ball 1-0: Called Strike
 1-1: SINGLE  (Groundball, 56D, EV 98.8 MPH)
 Alex Vasquez to second
 |  
		| Batting: LHB Ian Jarvis | 0-0: Called Strike 0-1: Ball
 1-1: Foul Ball, location: 2F
 1-2: Ball
 Wild Pitch!
 Alex Vasquez to third
 Juan Espinoza to second
 2-2: Foul Ball, location: 2F
 2-2: Foul Ball, location: 2F
 2-2: Strikes out swinging
 |  
		| Bottom of the 9th over - 0 runs, 2 hits, 0 errors, 2 left on base; Syracuse 9 - Reno 7 |  |